 Dungeon Crawl Stone Soup version 0.30-a0-630-g881e3bac89 (webtiles) character file.

Game seed: 15466640501556425506

3935 CoinPitGoblin the Geomancer (level 10, 0/60 HPs)
             Began as a Gargoyle Earth Elementalist on Jan 13, 2023.
             Was an Initiate of Ru.
             Slain by a warg (2 damage)
             ... on level 8 of the Dungeon.
             The game lasted 00:22:17 (8801 turns).

CoinPitGoblin the Geomancer (GrEE)                  Turns: 8801, Time: 00:22:18

Health: 0/60       AC: 12    Str: 12    XL:     10   Next: 21%
Magic:  17/22      EV: 17    Int: 20    God:    Ru [......]
Gold:   469        SH:  0    Dex: 10    Spells: 11/26 levels left

rFire   . . .      SeeInvis .    x - +2 whip (freeze)
rCold   . . .      Faith    .    (no shield)
rNeg    + + .      Spirit   .    a - +1 robe
rPois   ∞          Reflect  .    (no helmet)
rElec   +          Harm     .    l - +0 cloak
rCorr   .          Rampage  .    (no gloves)
Will    .....                    F - +0 pair of boots
Stlth   ++                       (no amulet)
HPRegen 0.30/turn                e - ring of positive energy
MPRegen 0.18/turn                g - +5 ring of evasion

@: no status effects
A: sickness immunity, AC +7, negative energy resistance 1, electricity
resistance, torment resistance 1, petrification resistance
a: Renounce Religion, Sacrifice Experience, Sacrifice Courage, Sacrifice
Artifice, Reject Sacrifices


You were on level 8 of the Dungeon.
You worshipped Ru.
Ru was noncommittal.
You visited 2 branches of the dungeon, and saw 9 of its levels.
You also visited: Sewer and Ossuary.

You collected 557 gold pieces.
You spent 88 gold pieces at shops.

Inventory:

Hand Weapons
 x - a +2 whip of freezing (weapon)
 B - a +0 quarterstaff
 C - a +1 whip of flaming
Missiles
 o - a throwing net
Armour
 a - a +1 robe (worn)
 l - a +0 cloak (worn)
 F - a +0 pair of boots (worn)
Magical Staves
 h - a staff of fire
Jewellery
 e - a ring of positive energy (left hand)
 g - a +5 ring of evasion (right hand)
 j - a ring of flight
Wands
 r - a wand of iceblast (5)
 u - a wand of digging (3)
Scrolls
 b - 2 scrolls of enchant armour
 d - 5 scrolls of blinking
 i - a scroll of silence
 k - 2 scrolls of enchant weapon
 m - 4 scrolls of amnesia
 v - 2 scrolls of teleportation
 y - 2 scrolls of fog
 E - a scroll of vulnerability
Potions
 c - 4 potions of heal wounds
 f - 2 potions of brilliance
 n - 5 potions of attraction
 p - 5 potions of flight
 q - 2 potions of might
 s - a potion of haste
 t - a potion of lignification {unknown}
 w - 3 potions of curing
 z - a potion of ambrosia
 A - a potion of invisibility
 D - a potion of magic
 G - 3 potions of mutation


   Skills:
 * Level 6.0 Fighting
 + Level 3.4 Dodging
 - Level 2.1 Stealth
 + Level 8.7 Spellcasting
 - Level 0.7 Transmutations
 + Level 10.6 Earth Magic
 * Level 2.3 Evocations


You had 11 spell levels left.
You knew the following spells:

 Your Spells              Type           Power      Damage    Failure   Level
a - Stone Arrow           Conj/Erth      60%        3d10      2%          3
q - Sandblast             Erth           100%       2d20      1%          1
s - Lee's Rapid Deconstr  Erth           25%        3d14*     2%          5
x - Petrify               Tmut/Erth      31%        N/A       8%          4
z - Passwall              Tmut/Erth      25%        N/A       1%          2

Your spell library contained the following spells:

 Spells                   Type           Power      Damage    Failure   Level
 Kindle Blastsparks       Fire/Tloc/Air  16%        2d11      24%         3
 Fulminant Prism          Conj/Hex       4%         3d5       61%         4
 Iskenderun's Mystic Bla  Conj/Tloc      8%         2d4       61%         4
 Olgreb's Toxic Radiance  Pois           8%         N/A       61%         4
 Ozocubu's Refrigeration  Ice            4%         4d8       100%        7
 Summon Hydra             Summ           4%         N/A       100%        7
 Ignition                 Fire           4%         3d4       100%        8
 Chain Lightning          Conj/Air       4%         3d5       100%        9


Dungeon Overview and Level Annotations

Branches:
Dungeon (8/15)             Temple (1/1) D:5           Sewer (visited)
Ossuary (visited)
   Lair: D:8-11

Altars:
Ashenzari
Dithmenos
Elyvilon
Fedhas
Gozag
Hepliaklqana
Kikubaaqudgha
Okawaru
Qazlal
Ru
Sif Muna
Trog
Uskayaw
Vehumet
Wu Jian
Xom
The Shining One

Shops:
D:6 *(*?(   D:7 (!


Innate Abilities, Weirdness & Mutations

You are immune to sickness and miasma.
Your stone body is resilient. (AC +7)
You are immune to poison.
You resist negative energy. (rN+)
You are resistant to electric shocks. (rElec)
You are resistant to unholy torment.
You are immune to petrification.


Message History

You hear some strange, mumbled words.
Something tries to affect you, but you resist.
The warg closely misses you. The orc wizard completely misses you.
Casting: Sandblast (safe; 1% risk of failure)
Confirm with . or Enter, or press ? or * to list all spells.
Aiming: Passwall (safe; 1% risk of failure)
Press: ? - help, Dir - move target A rock wall.
The warg bites you!
* * * LOW HITPOINT WARNING * * *
The orc wizard hits you but does no damage.
You hear some strange, mumbled words.
You are confused.
The orc priest hits you but does no damage.
The warg misses you.
You begin to meditate on the wall.
You continue meditating on the rock.
Something hits you but does no damage. The orc wizard closely misses you.
The orc priest barely misses you. The warg barely misses you.
You continue meditating on the rock.
The orc priest barely misses you. Something hits you but does no damage.
The orc wizard completely misses you. The warg closely misses you.
You finish merging with the rock.
Unknown command.
You feel less confused.
Casting: Passwall (safe; 1% risk of failure)
Confirm with . or Enter, or press ? or * to list all spells.
Aiming: Passwall (safe; 1% risk of failure)
Press: ? - help, Dir - move target A rock wall.
The warg bites you. The warg bites you but does no damage.
You begin to meditate on the wall.
You continue meditating on the rock.
The warg bites you!
* * * LOW HITPOINT WARNING * * *
You continue meditating on the rock.
The warg closely misses you.
You continue meditating on the rock.
The warg bites you!
* * * LOW HITPOINT WARNING * * *
The warg bites you.
You die...

.........# #.#### ##
.........# ###.##.### ##.
##.....#.#####........###..
+.[.....................'..
##.....#.#.###.#.#....###..
###..hoo#.# #.#......# ##.
#.#.#.#.# #.###.#..# ##
#.h{#h# #........# #
#..#.##@# #####.#### #...#
#.# #.# #.... #.# #.# ##
#..... #.# #.# #. # .o. #.#
#.#######. .P.. ..#
#......... ...# #########.
....# #. ....## #.


You could see a warg.

Vanquished Creatures
  Pikel (D:8)
  6 yaks
  A warg (D:8)
  A water moccasin (D:6)
  An orc warrior (D:6)
  2 sky beasts (D:7)
  An ogre (D:5)
  A black bear (D:3)
  3 centaurs
  4 lemures (D:8)
  2 kobold brigands (D:7)
  A gnoll sergeant (D:6)
  An elf zombie (Ossuary)
  2 necrophages
  2 scorpions (D:6)
  4 howler monkeys
  3 hounds (D:6)
  5 orc priests
  3 jellies
  3 human zombies (Ossuary)
  4 iguanas
  An orc wizard (D:3)
  4 mummies (Ossuary)
  7 gnolls
  14 adders
  5 river rats (Sewer)
  A shadow imp (D:6)
  2 white imps (D:6)
  2 ufetubi
  2 adder zombies (Ossuary)
  3 worms
  2 dart slugs
  24 orcs
  15 ball pythons
  14 endoplasms
  7 giant cockroaches
  12 hobgoblins
  2 jackals (Sewer)
  7 quokkas
  13 bats
  3 frilled lizards
  7 goblins
  2 goblin zombies (Ossuary)
  2 hobgoblin zombies (Ossuary)
  11 kobolds
  7 rats
  2 rat zombies (Ossuary)
222 creatures vanquished.

Notes
Turn   | Place    | Note
-------+----------+-------------------------------------------
     0 | D:1      | CoinPitGoblin the Gargoyle Earth Elementalist began the
                  | quest for the Orb.
     0 | D:1      | Reached XP level 1. HP: 10/10 MP: 3/3
   176 | D:1      | Reached skill level 4 in Earth Magic
   176 | D:1      | Reached XP level 2. HP: 15/15 MP: 3/5
   337 | D:1      | Got the Quarto of Adjuration and Conjuring
   711 | D:1      | Reached XP level 3. HP: 20/20 MP: 4/6
   944 | D:1      | Learned a level 2 spell: Passwall
   948 | D:1      | Learned a level 3 spell: Stone Arrow
  1539 | D:2      | Reached XP level 4. HP: 24/24 MP: 2/8
  1781 | D:3      | Found a glowing drain.
  1790 | Sewer    | Entered a sewer
  2244 | Sewer    | Reached skill level 5 in Earth Magic
  2269 | Sewer    | Reached XP level 5. HP: 21/28 MP: 7/10
  2954 | D:3      | Reached XP level 6. HP: 33/33 MP: 9/11
  3341 | D:3      | Found a hide-covered altar of Uskayaw.
  3605 | D:3      | Noticed a black bear
  3855 | D:3      | Reached skill level 6 in Earth Magic
  3859 | D:3      | Killed a black bear
  3860 | D:3      | Reached skill level 1 in Fighting
  4081 | D:4      | Reached XP level 7. HP: 38/38 MP: 11/14
  4656 | D:5      | Entered Level 5 of the Dungeon
  4679 | D:5      | Reached skill level 5 in Spellcasting
  4779 | D:5      | Reached skill level 7 in Earth Magic
  4898 | D:5      | Found a sand-covered staircase.
  4903 | Ossuary  | Entered an ossuary
  4924 | Ossuary  | Reached XP level 8. HP: 23/45 MP: 1/16
  5542 | D:5      | Found a staircase to the Ecumenical Temple.
  5595 | Temple   | Entered the Ecumenical Temple
  5745 | Temple   | Became a worshipper of Ru the Awakened
  6015 | D:6      | Found a shimmering blue altar of Sif Muna.
  6071 | D:6      | Found Wuolon's Magic Scroll Shop.
  6356 | D:6      | Found Haih Kiu's General Store.
  6453 | D:6      | Reached skill level 8 in Earth Magic
  6549 | D:6      | Learned a level 5 spell: Lee's Rapid Deconstruction
  6798 | D:6      | Found Paad's Weapon Shoppe.
  6802 | D:6      | Reached XP level 9. HP: 52/52 MP: 16/19
  6844 | D:6      | Found Vihot's Assorted Antiques.
  6847 | D:6      | Found Dyzithreu's Antique Weapon Emporium.
  7133 | D:6      | Reached skill level 9 in Earth Magic
  7261 | D:6      | Reached skill level 5 in Fighting
  7387 | D:6      | Learned a level 4 spell: Petrify
  7470 | D:7      | Found an opulent altar of Gozag.
  7909 | D:7      | Found Vadecim's Distillery.
  7940 | D:7      | Bought a potion of mutation for 88 gold pieces
  8029 | D:7      | Reached skill level 10 in Earth Magic
  8029 | D:7      | Reached skill level 1 in Evocations
  8310 | D:7      | Found Atuuscha's Antique Weapon Shop.
  8449 | D:7      | Reached XP level 10. HP: 60/60 MP: 18/22
  8614 | D:8      | Noticed Pikel
  8622 | D:8      | Killed Pikel
  8801 | D:8      | HP: 2/60 [warg (10)]
  8801 | D:8      | Slain by a warg

Illustrated notes

Levels and vault maps discovered:
D:1:      spicycebolla_arrival_risky_transporter, layout_basic
D:2:      wander_river, layout_loops_cross, minmay_misc_feat_rugged,
          minmay_box_of_dots
D:3:      layout_basic, eat_drink_and_be_merry_uskayaw, portal_sewer_entry_d
D:4:      layout_rooms
D:5:      layout_basic, temple_statues, enter_ossuary_2, grunt_ministairs_2
D:6:      nicolae_cairo_tiling_very_big, layout_loops_ring,
          nicolae_sif_muna_condensation, serial_shops, nicolae_shop_statue_plus,
          nicolae_shop_temple_entry_statues_fountains,
          nicolae_shop_window_shopping, shop, shop_statue
D:7:      layout_basic, nicolae_gozag_cash_rules_everything_around_me,
          serial_shops, shop, nicolae_shop_trees, roderic_roman_lattice
D:8:      layout_loops_corners, erik_lair_orcish_takeover, uniq_pikel
Temple:   nicolae_temple_slightly_damp_pantheon

Skill      XL: |  1  2  3  4  5  6  7  8  9 10 |
---------------+-------------------------------+-----
Earth Magic    | 4 5 6 7 8 10 | 10.6
Spellcasting   | 3 4 5 7 8 |  8.7
Dodging        | 2 3 |  3.4
Fighting       | 1 2 4 5 6 |  6.0
Evocations     | 1 2 |  2.3
Stealth        | |  2.1
Transmutations | |  0.7

Action                   |  1- 3 |  4- 6 |  7- 9 | 10-12 || total
-------------------------+-------+-------+-------+-------++-------
Melee: Unarmed           |    14 |       |       |       ||    14
       Flail             |    13 |    17 |     5 |       ||    35
       Whip              |       |       |    37 |    15 ||    52
       Quarterstaff      |       |       |     2 |       ||     2
 Cast: Sandblast         |    49 |   125 |   194 |    13 ||   381
       Stone Arrow       |       |     1 |     5 |       ||     6
       Passwall          |       |     1 |     8 |     2 ||    11
       Lee's Rapid Decon |       |       |     1 |     4 ||     5
Evoke: Wand              |       |     2 |       |       ||     2
  Use: Scroll            |       |    13 |     7 |       ||    20
       Potion            |       |     1 |     3 |       ||     4
Armor: Robe              |    15 |    18 |    93 |    22 ||   148
Dodge: Dodged            |    26 |   122 |   297 |    45 ||   490

Table legend: (Time is in decaauts)
 A = Elapsed time spent in this place.
 B = Non-inter-level travel time spent in this place.
 C = Inter-level travel time spent in this place.
 D = Time resting spent in this place.
 E = Time spent auto-exploring this place.
 F = Levels seen in this place.
 G = Mean time per level.
                   A        B        C        D        E       F      G
               +--------+--------+--------+--------+--------+-----+--------+
         Total |   9192 |   8741 |    451 |    505 |   6620 |  11 |  835.6 |
       Dungeon |   7302 |   6869 |    433 |    227 |   5402 |   8 |  912.8 |
        Temple |    270 |    252 |     18 |     98 |    133 |   1 |  270.0 |
         Sewer |   1230 |   1230 |      0 |     78 |    909 |   1 | 1230.0 |
       Ossuary |    390 |    390 |      0 |    102 |    175 |   1 |  390.0 |
               +--------+--------+--------+--------+--------+-----+--------+

Top non-repeatable levels by time:
     D:6: 1303 daAuts
   Sewer: 1230 daAuts
     D:3: 1097 daAuts
     D:7: 1018 daAuts
     D:1: 965 daAuts
     D:2: 925 daAuts
     D:5: 828 daAuts
     D:4: 801 daAuts
 Ossuary: 390 daAuts
     D:8: 362 daAuts
  Temple: 270 daAuts
